 Dungeon Crawl Stone Soup version 0.29.1-4-g47bece8355 (webtiles) character file.

Game seed: 19334658654088082

53 croobank the Conjurer (level 3, -3/36 HPs)
             Began as a Demonspawn Conjurer on Dec 9, 2022.
             Slain by an orc
             ... wielding a +0 hand axe
              (6 damage)
             ... on level 3 of the Dungeon.
             The game lasted 00:09:55 (2289 turns).

croobank the Conjurer (Demonspawn Conjurer)         Turns: 2289, Time: 00:09:56

Health: -3/36      AC:  3    Str:  6 (7)  XL:     3   Next: 64%
Magic:  0/6        EV: 12    Int: 18 (21) God:
Gold:   89         SH:  0    Dex: 16 (17) Spells: 4/7 levels left

rFire   . . .      SeeInvis .   f - +0 dagger
rCold   . . .      Faith    .   (no shield)
rNeg    . . .      Spirit   .   a - +0 robe
rPois   .          Reflect  .   (no helmet)
rElec   .          Harm     .   (no cloak)
rCorr   .          Rampage  .   n - +0 pair of gloves
Will    .....                   (no boots)
Stlth   ..........              (no amulet)
HPRegen 0.12/turn               j - +6 ring of dexterity
MPRegen 0.10/turn               (no ring)

@: berserking, very quick
A: foul stench 1
a: no special abilities


You were on level 3 of the Dungeon.
You visited 1 branch of the dungeon, and saw 3 of its levels.

You collected 89 gold pieces.

Inventory:

Hand Weapons
 e - a +0 mace
 f - a +0 dagger (weapon)
Armour
 a - a +0 robe (worn)
 m - an orb of light
 n - a +0 pair of gloves (worn)
Jewellery
 j - a +6 ring of dexterity (left hand)
 o - an amulet of regeneration
 p - a +4 ring of protection
Scrolls
 h - a scroll of enchant weapon {unknown}
 i - a scroll of immolation {unknown}
 k - a scroll of vulnerability {unknown}
 l - a scroll of identify {unknown}
 q - a scroll of teleportation {unknown}


   Skills:
 + Level 2.4 Dodging
 + Level 2.4 Stealth
 + Level 2.5 Spellcasting
 + Level 4.3 Conjurations


You had 4 spell levels left.
You knew the following spells:

 Your Spells              Type           Power      Damage    Failure   Level
a - Magic Dart            Conj           68%        1d6       3%          1
b - Searing Ray           Conj           34%        2d5       4%          2

Your spell library contained the following spells:

 Spells                   Type           Power      Damage    Failure   Level
 Dazzling Flash           Conj/Hex       20%        N/A       22%         3
 Poisonous Vapours        Pois/Air       4%         N/A       26%         2
 Portal Projectile        Hex/Tloc       4%         N/A       45%         3
 Tukima's Dance           Hex            2%         N/A       45%         3
 Fulminant Prism          Conj/Hex       5%         3d7       56%         4
 Iskenderun's Mystic Bla  Conj/Tloc      10%        2d4       56%         4
 Corpse Rot               Necr/Pois/Air  2%         N/A       86%         4
 Iskenderun's Battlesphe  Conj           17%        2d7       63%         5
 Blade Hands              Tmut           1%         N/A       99%         5
 Iron Shot                Conj/Erth      5%         9d2       100%        6
 Spellforged Servitor     Conj/Summ      5%         N/A       100%        7


Dungeon Overview and Level Annotations

Branches:
Dungeon (3/15)

Altars:

Annotations:
D:2 1 runed translucent door, Crazy Yiuf


Innate Abilities, Weirdness & Mutations

You may rarely emit foul miasma when damaged in melee.


Message History

You hit the orc but do no damage. The orc hits you with a +0 hand axe.
You hit the orc but do no damage. The orc hits you with a +0 hand axe.
You hit the orc but do no damage. The orc hits you with a +0 hand axe.
It was a potion of degeneration.
There was something very wrong with that liquid.
You feel weakened.
You feel dopey.
You feel clumsy. The orc closely misses you.
It was a potion of heal wounds.
You feel much better. The orc hits you with a +0 hand axe.
Casting: Searing Ray (safe; 4% risk of failure)
Confirm with . or Enter, or press ? or * to list all spells.
You don't have enough magic to cast this spell.
You hit the orc but do no damage. The orc barely misses you.
Casting: Searing Ray (safe; 4% risk of failure)
Confirm with . or Enter, or press ? or * to list all spells.
You don't have enough magic to cast this spell.
You barely miss the orc. The orc hits you with a +0 hand axe.
You hit the orc but do no damage. The orc hits you with a +0 hand axe.
You hit the orc but do no damage. The orc hits you with a +0 hand axe.
* * * LOW HITPOINT WARNING * * *
You hit the orc but do no damage. The orc hits you with a +0 hand axe.
* * * LOW HITPOINT WARNING * * *
The orc attacks as you move away! The orc barely misses you.
The orc attacks as you move away! The orc misses you.
An adder comes into view.
Casting: Searing Ray (safe; 4% risk of failure)
Confirm with . or Enter, or press ? or * to list all spells.
Aiming: Searing Ray (safe; 4% risk of failure)
Press: ? - help, Shift-Dir - straight line, f - orc, p - orc
Aim: an orc, wielding a +0 mace and wearing a +0 ring mail (severely wounded, 81% to hit)
The searing ray hits the orc but does no damage.
The searing ray hits the orc.
You kill the orc! (Press . to maintain the ray.)
The orc misses you.
It was a potion of berserk rage.
A red film seems to cover your vision as you go berserk!
You feel yourself moving faster!
You feel mighty! The orc hits you with a +0 hand axe.
You die...

#.. +.. ##... #
.... .. ... S.
#####.#####.##.. .
.......@........#.
#######o..#.##...#
#+# # #)#.#.....B.
#.### #.#.#..#.#.#
#....
#.#.#..#.#.###....
#.#.#..#.#..##....
#...#.....o.o....$
###.##.#.##....###
#....))...........


You could see an orc.

Vanquished Creatures
  Robin (D:2)
  4 orcs (D:3)
  4 ball pythons
  3 endoplasms
  A giant cockroach (D:3)
  5 hobgoblins
  A quokka (D:2)
  A frilled lizard (D:1)
  10 goblins
  A kobold (D:2)
  2 rats
33 creatures vanquished.

Vanquished Creatures (others)
  2 plants (D:2)
2 creatures vanquished.

Grand Total: 35 creatures vanquished

Notes
Turn   | Place    | Note
-------+----------+-------------------------------------------
     0 | D:1      | croobank the Demonspawn Conjurer began the quest for the
                  | Orb.
     0 | D:1      | Reached XP level 1. HP: 13/13 MP: 3/3
   414 | D:1      | Gained mutation: You may rarely emit foul miasma when
                  | damaged in melee. [demonic ancestry]
   414 | D:1      | Reached XP level 2. HP: 19/19 MP: 0/5
   423 | D:1      | Learned a level 2 spell: Searing Ray
   490 | D:1      | Found a faded altar of an unknown god.
  1691 | D:2      | Found a runed translucent door.
  1692 | D:2      | Noticed Crazy Yiuf
  1827 | D:2      | Noticed Robin
  1878 | D:2      | Killed Robin
  1879 | D:2      | Reached XP level 3. HP: 7/24 MP: 1/6
  2279 | D:3      | HP: 1/24 [orc/+0 hand axe (6)]
  2289 | D:3      | Slain by an orc

Illustrated notes

Levels and vault maps discovered:
D:1:      scummos_arrival_checkerplants, layout_basic, basic_ecumenical_altar
D:2:      layout_loops_corners, serial_bayou_pond_b, uniq_robin,
          uniq_crazy_yiuf_cottage
D:3:      layout_basic, nicolae_overflow_hidden_temple,
          mainiacjoe_overflow_alcove_4

Skill      XL: |  1 |
---------------+----+-----
Stealth        | 2 |  2.4
Dodging        | 2 |  2.4
Spellcasting   | |  2.5
Conjurations   | |  4.3

Action                   || total
-------------------------++-------
Melee: Dagger            ||    17
 Cast: Magic Dart        ||    27
       Searing Ray       ||    15
  Use: Potion            ||     6
Dodge: Dodged            ||    20
